Map: Acid Plant LE

Players

Rex

  • Race: Zerg Zerg
  • Spawn Location: 5:00

DeMusliM - Winner!

  • Race: Terran Terran
  • Spawn Location: 11:00

Event: WCS Valencia 2018

VOD

Have the link to the VOD?

Description

Time

  • Played on: July 12, 2018, 1:52 p.m.
  • Length: 22:59

All games in this series

Show
View Real Time Build Order
Export as new Build Order

Rex Zerg 

Build Orders: Hatch First, Brood Lord Corruptor, Muta Ling Bane 

Get SALT Encoding   

  12  0:00  Drone  
  13  0:12  Overlord  
  13  0:17  Drone  
  14  0:30  Drone  
  14  0:31  Drone  
  16  0:36  Drone  
  17  0:52  Hatchery  
  17  0:54  Drone  
  17  0:57  Drone  
  17  1:02  Extractor  
  17  1:13  Spawning Pool  
  17  1:15  Drone  
  17  1:18  Drone  
  18  1:28  Drone  
  19  1:39  Overlord  
  19  1:50  Drone  
  20  2:01  Queen  
  22  2:03  Queen  
  22  2:04  Zergling x4  
  22  2:06  Metabolic Boost  
  26  2:13  Drone  
  26  2:15  Drone  
  28  2:24  Drone  
  29  2:40  Hatchery  
  29  2:42  Spore Crawler  
  27  2:45  Drone  
  27  2:46  Drone  
  27  2:47  Queen  
  27  2:51  Drone  
  33  2:55  Overlord  
  33  2:58  Drone  
  34  3:03  Drone x2  
  36  3:14  Drone  
  36  3:15  Drone x4  
  36  3:18  Drone  
  42  3:20  Overlord  
  42  3:28  Queen  
  44  3:38  Overlord  
  44  3:40  Drone x2  
  44  3:41  Drone  
  47  3:46  Lair, Drone  
  48  3:54  Spore Crawler, Drone x3  
  50  3:55  Drone  
  50  3:56  Drone  
  50  3:58  Drone x2  
  50  3:59  Drone  
  55  4:04  Drone  
  55  4:05  Drone  
  55  4:07  Queen  
  55  4:08  Drone  
  60  4:12  Overlord  
  60  4:16  Overlord  
  60  4:21  Overlord  
  60  4:22  Drone x2  
  62  4:26  Extractor  
  62  4:27  Evolution Chamber  
  62  4:29  Evolution Chamber  
  57  4:37  Drone  
  57  4:39  Drone x2  
  57  4:40  Drone x2  
  57  4:41  Drone  
  57  4:43  Drone x3, Evolution Chamber  
  57  4:44  Drone  
  64  4:46  Overseer  
  64  4:51  Drone  
  64  4:52  Drone x4  
  69  4:53  Drone  
  69  4:54  Drone  
  69  4:56  Drone  
  72  5:00  Zerg Ground Armor Level 1  
  72  5:03  Drone x2  
  72  5:05  Extractor  
  72  5:06  Extractor  
  72  5:07  Drone  
  72  5:11  Extractor  
  72  5:13  Drone x2  
  74  5:15  Drone  
  74  5:18  Drone x2  
  74  5:19  Drone  
  74  5:20  Zerg Melee Weapons Level 1  
  78  5:26  Hatchery  
  77  5:30  Drone x2  
  77  5:31  Drone x2  
  77  5:32  Drone  
  82  5:39  Extractor, Drone x3  
  82  5:40  Zergling x4  
  86  5:48  Overlord, Hatchery  
  85  5:51  Spire  
  85  5:53  Baneling Nest  
  85  5:54  Zergling x2  
  85  5:55  Zergling x8  
  88  6:02  Zergling x4  
  90  6:05  Overlord x4  
  90  6:11  Overlord  
  90  6:20  Zergling x16  
  98  6:28  Zergling x2  
  98  6:29  Zergling x6  
  102  6:39  Centrifical Hooks  
  102  6:41  Baneling x2  
  102  6:42  Baneling x4  
  102  6:43  Zergling x8  
  102  6:44  Zergling x6  
  99  7:06  Mutalisk  
  99  7:07  Mutalisk x8  
  111  7:09  Zergling x14, Queen  
  111  7:14  Drone x2  
  119  7:18  Drone  
  119  7:22  Zerg Ground Armor Level 2  
  120  7:24  Overlord x2  
  120  7:25  Drone  
  120  7:29  Drone x4  
  121  7:31  Zerg Melee Weapons Level 2  
  121  7:35  Zergling x10  
  123  7:43  Drone x7  
  130  7:45  Overlord  
  129  7:52  Zergling x6  
  129  7:53  Zergling x2  
  129  7:54  Hatchery  
  131  7:58  Queen  
  131  8:01  Zergling x10  
  131  8:03  Baneling x9  
  138  8:13  Drone x3  
  138  8:14  Drone x2  
  138  8:15  Extractor, Zergling x2  
  138  8:16  Zergling x16  
  151  8:22  Zergling x2  
  151  8:23  Zergling x4  
  151  8:27  Overlord  
  152  8:30  Zergling x14  
  152  8:33  Overseer  
  152  8:34  Infestation Pit  
  158  8:36  Baneling x3  
  158  8:37  Baneling x11  
  158  8:39  Zergling x2  
  158  8:40  Zergling x12  
  165  8:44  Overlord x2  
  165  8:45  Overlord  
  165  8:59  Zergling x4  
  165  9:00  Zergling x12  
  165  9:01  Overlord x2  
  165  9:02  Overlord x2  
  173  9:10  Overlord  
  173  9:12  Hive  
  173  9:23  Overlord x2  
  172  9:25  Baneling x5  
  172  9:26  Baneling x12  
  170  9:33  Zergling x12  
  170  9:34  Zergling x22  
  170  9:35  Baneling x6  
  170  9:36  Baneling x3  
  182  9:41  Baneling x9  
  182  9:42  Overlord  
  182  9:45  Drone x3  
  185  10:06  Corruptor x4  
  185  10:07  Corruptor x3  
  170  10:15  Zergling x2  
  170  10:16  Zergling x24  
  180  10:26  Greater Spire  
  174  10:41  Zergling x2  
  174  10:42  Zergling x24  
  163  10:48  Baneling x2  
  157  10:51  Baneling x3  
  157  10:52  Baneling x2, Zergling x12  
  157  10:53  Zergling x10  
  151  11:04  Hatchery, Zergling x16  
  151  11:05  Zergling x14  
  151  11:10  Adrenal Glands  
  160  11:18  Baneling x8  
  160  11:21  Zerg Ground Armor Level 3  
  160  11:22  Zerg Melee Weapons Level 3  
  160  11:32  Baneling x7  
  158  11:33  Baneling x3  
  158  11:37  Brood Lord  
  158  11:38  Brood Lord x3  
  151  11:53  Brood Lord x2  
  151  11:59  Zergling x2  
  151  12:00  Extractor, Zergling x42  
  172  12:04  Zergling x2  
  172  12:05  Zergling x20  
  183  12:20  Corruptor x5  
  181  12:40  Corruptor  
  181  12:41  Corruptor x3  
  156  12:44  Zergling x2  
  156  12:45  Zergling x10  
  156  12:47  Zergling x4  
  156  12:51  Burrow  
  156  12:52  Zergling x4  
  156  12:54  Baneling  
  156  12:55  Baneling x6  
  156  12:57  Zergling x2  
  156  12:58  Zergling x14  
  166  13:02  Zergling x24  
  166  13:03  Zergling x2  
  179  13:11  Zergling x12  
  185  13:18  Baneling x9  
  185  13:19  Baneling  
  185  13:33  Baneling x5  
  171  13:41  Brood Lord x4  
  179  13:42  Drone x2  
  179  13:43  Drone x2  
  179  13:44  Extractor x2  
  179  13:45  Spine Crawler, Drone x3  
  179  13:46  Drone  
  179  13:47  Spore Crawler, Spine Crawler, Drone x2  
  179  13:48  Drone  
  185  13:50  Brood Lord, Spore Crawler  
  185  13:51  Spore Crawler  
  185  13:52  Spore Crawler, Zergling x6  
  185  13:53  Zergling x2  
  185  13:54  Zergling x4  
  185  13:55  Overseer x2  
  190  14:09  Spore Crawler  
  189  14:10  Spine Crawler  
  189  14:11  Zerg Flyer Weapons Level 1  
  188  14:18  Brood Lord x3  
  188  14:20  Zergling x2  
  188  14:21  Zergling x10  
  197  14:33  Corruptor x2  
  189  14:50  Baneling  
  189  14:51  Baneling x6  
  184  14:55  Corruptor x2  
  184  14:56  Overseer  
  184  14:57  Pathogen Glands  
  183  15:03  Zergling x2  
  183  15:04  Zergling x6  
  183  15:06  Corruptor x5  
  193  15:15  Zergling x2  
  193  15:16  Zergling x14  
  193  15:18  Zergling x2  
  200  15:27  Zergling x2  
  199  15:29  Baneling x11  
  199  15:42  Hatchery  
  194  15:46  Hatchery  
  165  15:50  Brood Lord x2  
  165  15:51  Brood Lord x4  
  165  15:52  Zergling x2  
  165  15:53  Zergling x10  
  165  15:56  Zergling x14  
  165  15:57  Zergling x8  
  182  15:59  Zergling x4  
  179  16:10  Zergling x2  
  179  16:11  Zergling x26  
  160  16:14  Zergling x4  
  145  16:19  Zergling x4  
  145  16:21  Zergling x2  
  140  16:26  Baneling x8  
  140  16:30  Baneling, Zergling x4  
  136  16:36  Zergling x4  
  133  16:46  Zergling x2  
  122  16:47  Zergling x32  
  122  16:50  Zergling x12  
  122  16:51  Zergling x2  
  133  16:55  Baneling x5  
  133  16:57  Baneling x6  
  133  16:58  Overseer  
  133  16:59  Zergling x8  
  134  17:15  Zergling x16  
  123  17:17  Zergling x4  
  123  17:20  Zergling x14  
  123  17:22  Corruptor x2  
  125  17:26  Corruptor, Drone  
  124  17:30  Corruptor  
  124  17:31  Pneumatized Carapace  
  124  17:35  Zergling x8  
  126  17:40  Zergling x2  
  126  17:41  Zergling x4  
  124  17:47  Baneling  
  124  17:51  Overseer x3  
  124  17:53  Zergling x4  
  124  17:55  Brood Lord  
  124  17:56  Infestor x4  
  124  17:57  Infestor  
  139  17:58  Zergling x4  
  139  17:59  Baneling x3  
  139  18:00  Baneling x2  
  140  18:09  Baneling  
  140  18:10  Baneling x8  
  140  18:16  Overseer x2  
  122  18:40  Zergling x32  
  129  18:41  Baneling  
  129  18:42  Baneling x3  
  126  18:54  Zergling x20  
  126  18:55  Zergling x2  
  134  19:00  Infestor x5  
  134  19:03  Corruptor x2  
  134  19:08  Zergling x6  
  141  19:16  Hatchery  
  127  19:34  Zergling x2  
  127  19:35  Zergling x26  
  135  20:00  Brood Lord x2  
  135  20:06  Hatchery  
  132  20:22  Corruptor x2  
  132  20:23  Corruptor x2  
  120  20:59  Brood Lord  
  120  21:00  Brood Lord x3, Zergling x2  
  120  21:01  Zergling x18  
  120  21:02  Baneling  
  120  21:03  Baneling x2  
  138  21:06  Overlord  
  130  21:26  Baneling x9  
  129  21:41  Overseer  
  104  22:08  Baneling  
  104  22:09  Baneling x5, Zergling x4  
  104  22:10  Zergling x22  
  104  22:12  Zergling x2  
  118  22:16  Baneling x3  
  118  22:18  Zergling x2  
  115  22:31  Zergling x8  
  104  22:40  Zergling x2  
  104  22:41  Zergling x6  
Show
View Real Time Build Order
Export as new Build Order

DeMusliM Terran - Winner!

Build Orders: Reaper Expand, MMM Bio 

Get SALT Encoding   

  12  0:00  SCV  
  13  0:12  SCV  
  14  0:17  Supply Depot  
  14  0:24  SCV  
  15  0:38  SCV  
  15  0:40  Barracks  
  16  0:44  Refinery  
  16  0:50  SCV  
  17  1:02  SCV  
  18  1:15  SCV  
  19  1:27  Orbital Command  
  19  1:28  Reaper  
  20  1:39  Command Center  
  20  1:46  Supply Depot  
  20  1:53  SCV  
  21  1:59  Marine  
  22  2:05  SCV  
  23  2:09  Factory  
  23  2:19  SCV  
  23  2:20  Barracks Reactor  
  24  2:32  SCV  
  25  2:44  SCV  
  25  2:46  Command Center  
  26  2:51  Orbital Command  
  26  2:56  SCV  
  27  2:58  Starport  
  27  3:08  SCV, Hellion  
  27  3:11  Hellion  
  32  3:17  Barracks Tech Lab  
  32  3:19  SCV  
  33  3:21  SCV  
  33  3:23  Refinery  
  34  3:31  SCV  
  34  3:32  Hellion  
  34  3:33  Hellion  
  39  3:34  SCV  
  40  3:43  SCV  
  40  3:44  Banshee  
  40  3:46  SCV  
  45  3:50  Barracks Tech Lab  
  45  3:54  Supply Depot  
  45  3:55  SCV  
  46  3:58  SCV  
  46  3:59  Orbital Command  
  47  4:07  SCV  
  47  4:08  Factory Reactor, Barracks  
  48  4:10  SCV  
  48  4:16  Barracks  
  49  4:19  Stimpack, SCV  
  49  4:22  SCV  
  51  4:32  SCV, Marine  
  51  4:39  SCV  
  51  4:43  SCV  
  51  4:44  SCV  
  51  4:46  Engineering Bay x2  
  51  4:50  Marine  
  51  4:51  Refinery, SCV  
  53  4:53  Refinery  
  53  4:55  Supply Depot, SCV  
  53  4:56  SCV, Marine x2  
  57  5:00  Starport Reactor  
  57  5:02  Siege Tank  
  57  5:03  SCV  
  61  5:08  Marine  
  61  5:09  SCV  
  61  5:10  Orbital Command  
  63  5:14  Terran Infantry Weapons Level 1  
  63  5:15  SCV, Marine x2  
  63  5:16  Supply Depot, Marine  
  63  5:21  SCV  
  68  5:22  Supply Depot  
  68  5:27  SCV  
  68  5:28  Marine x2  
  70  5:29  Terran Infantry Armor Level 1  
  70  5:32  Supply Depot  
  70  5:33  SCV  
  72  5:35  SCV  
  72  5:39  SCV  
  72  5:40  Marine x3  
  77  5:43  Medivac  
  77  5:45  SCV, Medivac  
  77  5:48  SCV  
  83  5:51  Supply Depot, SCV  
  83  5:52  Marine x2  
  86  5:57  SCV  
  86  5:59  Supply Depot, Marine x3  
  86  6:00  SCV  
  86  6:03  Siege Tank  
  86  6:04  SCV  
  95  6:07  Supply Depot  
  95  6:09  SCV  
  95  6:10  Marine  
  95  6:11  Marine  
  98  6:12  SCV  
  98  6:16  SCV  
  100  6:18  Medivac  
  100  6:19  Combat Shield  
  100  6:23  Barracks  
  100  6:24  Barracks  
  102  6:26  SCV x2  
  102  6:29  Refinery, Supply Depot, SCV  
  102  6:31  Marine  
  102  6:32  Supply Depot, Marine x3  
  109  6:33  Marine  
  109  6:38  SCV x2  
  109  6:39  Armory  
  112  6:49  Marine x2  
  112  6:50  Marine  
  112  6:51  Marine  
  116  6:56  Marine  
  113  7:05  Siege Tank  
  113  7:07  Marine x2  
  113  7:08  Marine, Medivac x2  
  121  7:09  Marine  
  121  7:14  Marine  
  121  7:15  Barracks Reactor x2  
  123  7:16  SCV  
  123  7:17  SCV  
  123  7:21  Supply Depot, Command Center  
  125  7:23  Supply Depot  
  125  7:25  Marine x3  
  125  7:27  Marine  
  125  7:29  Terran Infantry Armor Level 2, Terran Infantry Weapons Level 2  
  128  7:33  Marauder  
  120  7:38  Medivac  
  120  7:40  Missile Turret  
  120  7:41  Missile Turret  
  120  7:42  Missile Turret  
  120  7:43  Marine x3  
  125  7:45  Marine  
  125  7:46  Missile Turret  
  125  7:51  Marine x3  
  125  7:52  Marine  
  125  7:54  Marine  
  125  7:56  Medivac  
  132  8:00  Refinery  
  132  8:01  Marine x3  
  132  8:02  Marine  
  136  8:09  Marine x3  
  136  8:10  Marine  
  136  8:11  Marine  
  134  8:14  Terran Vehicle And Ship Armor Level 1  
  134  8:15  Medivac  
  134  8:17  SCV x2  
  134  8:18  Marine  
  134  8:19  Marine x2  
  141  8:20  Marine  
  141  8:26  Medivac  
  144  8:27  Barracks x2, Marine x2  
  144  8:28  Barracks  
  144  8:31  Marine x2  
  144  8:33  Marauder, Concussive Shells  
  150  8:36  Marine  
  150  8:38  Factory  
  151  8:41  Supply Depot  
  151  8:42  Supply Depot  
  151  8:43  Supply Depot  
  151  8:47  Marine x2  
  153  8:51  SCV x2  
  153  8:53  Thor  
  76  8:55  Medivac  
  161  8:56  Medivac  
  161  9:00  SCV  
  166  9:03  SCV  
  166  9:08  Marine  
  166  9:09  Marauder  
  168  9:11  Planetary Fortress  
  168  9:13  Marine x6  
  168  9:14  Marine  
  168  9:15  Barracks Tech Lab x3  
  173  9:22  Factory Tech Lab  
  173  9:26  Marine  
  173  9:30  Marauder  
  176  9:33  Marine  
  176  9:34  Marauder, Marine x2  
  176  9:35  Marauder x2, Marine  
  184  9:41  Thor, Missile Turret  
  184  9:42  Thor  
  184  9:44  Missile Turret  
  196  9:50  Missile Turret x2  
  196  9:51  Marauder  
  198  9:53  Missile Turret  
  198  9:56  Command Center  
  198  9:58  Terran Infantry Weapons Level 3  
  198  10:06  Marine  
  175  10:07  Marauder x2, Marine x2  
  175  10:08  Marine  
  175  10:09  Marauder  
  175  10:11  Marine  
  175  10:13  Marauder  
  177  10:16  Marine  
  178  10:24  Medivac x2  
  184  10:28  Marauder  
  184  10:29  Marauder  
  184  10:30  Marine  
  184  10:31  Marauder  
  184  10:32  Marine  
  184  10:34  Marauder  
  181  10:37  Marine  
  181  10:39  Marine  
  181  10:41  Marine  
  161  10:45  Marine  
  158  10:50  Marauder x2  
  158  10:51  Marine  
  158  10:52  Marauder, Marine x2  
  158  10:54  Viking  
  158  10:56  Marauder  
  169  10:58  Marine  
  169  10:59  Marine  
  169  11:02  Marine  
  154  11:07  Marine  
  154  11:08  Marine  
  154  11:11  Marauder, Thor  
  151  11:12  Marauder, Terran Vehicle And Ship Armor Level 2  
  151  11:14  Marauder, Marine  
  151  11:17  Marauder  
  151  11:18  Barracks  
  157  11:22  Barracks  
  157  11:23  Marine  
  158  11:26  Marine x3  
  158  11:29  Marine x3  
  158  11:32  Marauder  
  166  11:33  Marauder  
  166  11:35  Marauder  
  166  11:37  Marine  
  166  11:38  Marauder  
  173  11:41  Medivac  
  167  11:50  Marine  
  167  11:52  Marine x2  
  167  11:53  Marine x4  
  167  11:54  Marauder x2  
  167  11:55  Planetary Fortress, Marine  
  167  11:56  Marauder  
  167  12:00  Marauder  
  174  12:05  Ghost Academy  
  174  12:08  Marine  
  176  12:10  Marine x3  
  176  12:11  Marine x3  
  176  12:12  Barracks Tech Lab  
  176  12:13  Barracks Tech Lab, Marine  
  176  12:15  Marauder, Ghost Academy  
  184  12:18  Refinery  
  184  12:19  Refinery  
  174  12:37  Ghost  
  174  12:41  Ghost  
  145  12:46  Marine, Ghost x2  
  145  12:47  Marine x2  
  145  12:50  Ghost  
  145  12:51  Marine x3  
  145  12:53  Personal Cloaking  
  145  12:57  Marine, Ghost  
  145  12:58  Marine, Viking  
  151  12:59  Viking  
  155  13:05  Ghost  
  155  13:06  Marine x3  
  155  13:10  Ghost  
  162  13:18  Ghost  
  162  13:20  Marine x2, Ghost  
  164  13:28  Ghost x2  
  161  13:34  Ghost  
  161  13:35  Marine x2  
  161  13:38  Ghost  
  161  13:40  Unknown x3  
  161  13:41  Unknown  
  166  13:42  Marine  
  166  13:43  Marine  
  166  13:46  Nuke, Ghost  
  170  13:48  Marine, Ghost  
  173  13:56  Ghost  
  173  14:02  Marauder, Marine x7  
  184  14:03  Marine  
  184  14:07  Terran Vehicle And Ship Armor Level 3  
  185  14:12  Ghost  
  185  14:13  Marine  
  185  14:15  Marine  
  189  14:17  Refinery x2, Marine  
  189  14:19  Nuke  
  189  14:22  Viking x2  
  189  14:24  Marine x2  
  193  14:38  Ghost  
  187  14:46  Ghost x2  
  173  14:53  Ghost x2  
  173  14:59  Ghost  
  170  15:01  SCV x2  
  170  15:04  SCV x2  
  171  15:14  Structure Armor  
  171  15:15  Hi-Sec Auto Tracking  
  171  15:16  Unknown x2  
  171  15:22  SCV  
  171  15:23  SCV x2  
  174  15:30  Viking  
  174  15:31  Marine, Viking  
  174  15:32  Marauder  
  174  15:35  Supply Depot  
  179  15:52  Marine  
  179  15:53  Marauder  
  179  15:56  Marauder, Marine  
  185  16:00  Refinery  
  177  16:06  Marine  
  177  16:07  Marauder  
  177  16:08  Marauder, Marine x6  
  177  16:10  Marine  
  177  16:11  Marauder  
  141  16:25  Marine, Ghost x2  
  134  16:26  Marine  
  137  16:39  SCV x2  
  139  16:42  Marine  
  139  16:43  Marauder  
  139  16:45  Terran Ship Weapons Level 1  
  140  16:47  Marauder, Marine  
  140  16:49  Marauder, Marine  
  140  16:52  Marine x2  
  132  16:55  Marauder, Marine  
  135  17:02  Marine  
  135  17:03  Marauder  
  134  17:09  Marauder, Marine  
  134  17:12  Marine  
  134  17:13  Marauder  
  134  17:15  Marauder, Marine  
  135  17:21  Marine  
  135  17:22  Marauder  
  129  17:25  Marauder, Marine  
  129  17:29  Marauder, Marine  
  130  17:30  Marine, Ghost  
  130  17:33  Ghost  
  127  17:39  Marine  
  127  17:40  Marauder  
  127  17:42  Ghost  
  127  17:43  Marine x2  
  123  17:53  Marine x2, Ghost x2  
  123  17:54  Marine x2  
  123  17:55  Marine  
  130  17:59  Marauder, Nuke  
  130  18:02  Marauder, Marine  
  135  18:09  Marine  
  135  18:10  Marauder  
  138  18:13  Marine, Ghost  
  138  18:19  Ghost  
  141  18:20  Marine  
  141  18:22  Marauder  
  141  18:25  Marine  
  141  18:26  Marauder  
  148  18:33  Marine  
  148  18:34  Marauder x2, Marine  
  131  18:37  Marine x2  
  131  18:40  Marine  
  127  18:42  Marauder  
  127  18:43  Marauder  
  127  18:45  Marine  
  127  18:47  Marauder, SCV x2  
  135  18:49  Marauder  
  135  18:54  Ghost  
  135  18:55  SCV  
  140  19:04  Marauder, Marine  
  143  19:11  Marine  
  143  19:12  Marauder, Marine  
  147  19:17  Ghost x2  
  144  19:29  Ghost  
  140  19:33  Marine  
  140  19:34  Marauder  
  143  19:41  Marine, Ghost x2  
  148  19:51  Marauder, Marine x2  
  148  19:52  Marauder  
  142  20:02  Ghost x2  
  146  20:12  Ghost x2  
  146  20:13  Marine x2  
  151  20:21  Ghost  
  151  20:28  Nuke  
  153  20:29  Nuke  
  153  20:34  Orbital Command  
  145  20:40  Ghost  
  145  20:41  Marine x2, Ghost  
  144  20:59  Ghost x2  
  144  21:00  Marine x2  
  150  21:10  Ghost  
  152  21:11  Marine x2  
  152  21:12  Viking  
  156  21:28  Orbital Command  
  156  21:36  Viking  
  156  21:37  Marauder, Marine x3  
  156  21:38  Marauder  
  162  21:42  Unknown x10, SCV x2, Viking  
  163  22:06  Viking, Ghost  
  152  22:09  Ghost x2  
  152  22:12  SCV, Viking  
  152  22:13  SCV  
  160  22:28  Ghost  
  160  22:29  Ghost  
Tags
 
Add a new tag
Caveats
  • Supply blocks, unpowered buildings, or Contaminate may cause inaccurate times.
  • Supply counts are checked every 10 seconds.